 Seeded DCSS version 0.30.1-11-g7821555f0a (webtiles) character file.

Game seed: 5 (custom seed)

93202 Kazon the Blocker (level 16, -8/98 HPs)
             Began as a Gargoyle Fighter on Dec 12, 2023.
             Was the Champion of Makhleb.
             Mangled by Donald
             ... wielding a +2 scimitar of holy wrath
              (30 damage)
             ... on level 1 of the Snake Pit on Dec 13, 2023.
             The game lasted 02:06:54 (17750 turns).

Kazon the Blocker (Gargoyle Fighter)               Turns: 17750, Time: 02:06:55

Health: -8/98      AC: 36    Str: 27    XL:     16   Next: 8%
Magic:  23/23      EV: 13    Int: 11    God:    Makhleb [******]
Gold:   2202       SH: 19    Dex: 16    Spells: 15/15 levels left

rFire   + . .        d - +8 demon trident of the Arena {flame, Will+ Dex+5}
rCold   + . .        c - +1 tower shield {AC+3}
rNeg    + . .        U - +2 troll leather armour {Snorg}
rPois   ∞            b - +2 helmet
rElec   +            n - scarf {rC+ rF+}
rCorr   .            Z - +2 pair of gloves {Str+3}
SInv    .            (no boots)
Will    ++...        S - amulet of regeneration
Stlth   +++          r - ring of the Tortoise {AC+8}
HPRegen 1.96/turn    Q - +4 ring of slaying
MPRegen 0.18/turn

%: no passive effects
@: flying, invisible
A: sickness immunity, AC +12, big wings, negative energy resistance 1,
electricity resistance, torment resistance 1, petrification resistance
a: Renounce Religion, Minor Destruction, Lesser Servant of Makhleb, Major
Destruction, Greater Servant of Makhleb


You were on level 1 of the Snake Pit.
You worshipped Makhleb.
Makhleb was exalted by your worship.
You visited 5 branches of the dungeon, and saw 23 of its levels.
You also visited: Ossuary and Ice Cave.

You collected 2901 gold pieces.
You spent 699 gold pieces at shops.

Inventory:

Hand Weapons
 d - the +8 demon trident of the Arena (weapon) {flame, Will+ Dex+5}
   (You acquired it on level 1 of the Dungeon)

   Dex:       It affects your dexterity (+5).
   Will:      It increases your willpower.
 f - a +1 hand axe of flaming
 h - the +10 zealot's sword {holy, Zealotry, *Rage rN+ EV+3}
   (You found it on level 3 of the Lair of Beasts)

   Zealotry:  Whenever the wielder enters a berserk rage, their allies are
   berserked alongside them.
   EV:        It affects your evasion (+3).
   rN:        It protects you from negative energy.
   *Rage:     It berserks you when you make melee attacks (+20% chance).
 q - a +1 demon whip of venom
 v - a +0 vampiric war axe
Missiles
 j - 23 boomerangs (quivered)
 w - 26 poisoned darts
 P - 2 throwing nets
 W - 6 javelins
Armour
 b - a +2 helmet (worn)
 c - a +1 tower shield of protection (worn)
 n - a scarf of resistance (worn)
 U - a +2 troll leather armour (worn) {Snorg}
 Z - a +2 pair of gloves of strength (worn)
Jewellery
 r - the ring of the Tortoise (left hand) {AC+8}
   (You found it in an ice cave)

   [ring of protection]

   AC:        It affects your AC (+8).
 M - a ring of protection from fire
 Q - a +4 ring of slaying (right hand)
 S - an amulet of regeneration (around neck)
 V - a ring of protection from fire
Wands
 y - a wand of paralysis (25)
 B - a wand of iceblast (4)
 O - a wand of digging (7)
 R - a wand of light (14)
 T - a wand of flame (22)
Scrolls
 e - a scroll of poison
 m - 4 scrolls of blinking {unknown}
 o - a scroll of magic mapping
 p - a scroll of identify
 s - 2 scrolls of summoning
 t - 8 scrolls of teleportation
 x - 3 scrolls of fog
 z - a scroll of silence
 F - a scroll of enchant armour
 J - 3 scrolls of fear {unknown}
 K - 4 scrolls of enchant weapon
Potions
 a - a potion of ambrosia {unknown}
 g - a potion of resistance
 i - 3 potions of invisibility
 k - 3 potions of lignification
 u - 2 potions of berserk rage
 A - 5 potions of heal wounds
 G - 17 potions of curing
 H - a potion of haste
 N - 2 potions of cancellation
 Y - 4 potions of might
Miscellaneous
 C - a phial of floods
 D - a lightning rod (4/4)


   Skills:
 + Level 10.4 Fighting
 + Level 4.4 Long Blades
 + Level 5.7(10.4) Axes
 + Level 7.5(8.6) Maces & Flails
 + Level 11.5(12.1) Polearms
 + Level 1.9 Ranged Weapons
 + Level 4.0 Throwing
 + Level 6.6 Armour
 + Level 6.1 Dodging
 * Level 5.3 Stealth
 + Level 12.2 Shields
 + Level 10.3 Invocations
 + Level 11.0 Evocations


You had 15 spell levels left.
You didn't know any spells.
Your spell library contained the following spells:

 Spells                   Type           Power      Damage    Failure   Level
 Foxfire                  Conj/Fire      0%         2x1d4     71%         1
 Necrotise                Necr           0%         1d4       71%         1
 Ensorcelled Hibernation  Hex/Ice        0%         N/A       85%         2
 Static Discharge         Conj/Air       0%         2-2/arc   85%         2
 Frozen Ramparts          Ice            0%         1d1       97%         3
 Hailstorm                Conj/Ice       0%         3d3       97%         3
 Ignite Poison            Fire/Tmut/Pois 0%         N/A       97%         3
 Vampiric Draining        Necr           0%         2d6       97%         3
 Airstrike                Air            0%         2d(0-16)  100%        4
 Ice Form                 Ice/Tmut       0%         N/A       100%        4
 Leda's Liquefaction      Hex/Erth       0%         N/A       100%        4
 Sticky Flame             Conj/Fire      0%         2d3       100%        4
 Summon Ice Beast         Ice/Summ       0%         N/A       100%        4
 Summon Lightning Spire   Summ/Air       0%         N/A       100%        4
 Agony                    Necr           0%         N/A       100%        5
 Alistair's Intoxication  Tmut/Pois      0%         N/A       100%        5
 Blade Hands              Tmut           0%         N/A       100%        5
 Borgnjor's Vile Clutch   Necr/Erth      0%         N/A       100%        5
 Fireball                 Conj/Fire      0%         3d3       100%        5
 Lee's Rapid Deconstruct  Erth           0%         3d4*      100%        5
 Summon Forest            Summ/Tloc      0%         N/A       100%        5
 Conjure Ball Lightning   Conj/Air       0%         3x3d6     100%        6
 Eringya's Noxious Bog    Tmut/Pois      0%         N/A       100%        6
 Plasma Beam              Fire/Air       0%         2x1d11    100%        6
 Simulacrum               Ice/Necr       0%         N/A       100%        6
 Starburst                Conj/Fire      0%         6d3       100%        6
 Summon Hydra             Summ           0%         N/A       100%        7
 Discord                  Hex            0%         N/A       100%        8
 Disjunction              Tloc           0%         N/A       100%        8
 Ignition                 Fire           0%         3d3       100%        8
 Statue Form              Tmut/Erth      Unusable   N/A       N/A         6

Dungeon Overview and Level Annotations

Branches:
Dungeon (14/15)            Temple (1/1) D:4            Lair (5/5) D:8
  Swamp (0/4) Lair:3        Snake (1/4) Lair:3        Slime (0/5) Lair:5
    Orc (2/2) D:11            Elf (0/3) Orc:2        Vaults (0/5) D:13
Ossuary (visited)           IceCv (visited)

Altars:
Dithmenos
Fedhas
Gozag
Hepliaklqana
Makhleb
Qazlal
Sif Muna
Wu Jian
Xom
Zin
The Shining One

Shops:
D:8 *   Orc:2 [(**

Annotations:
Snake:1 Donald, Nikola


Innate Abilities, Weirdness & Mutations

You are immune to sickness and miasma.
Your stone body is resilient. (AC +12)
You are immune to poison.
Your large and strong wings let you fly.
You resist negative energy. (rN+)
You are resistant to electric shocks. (rElec)
You are resistant to unholy torment.
You are immune to petrification.


Message History

You hear an angry hiss.
You hear a shout!
It was a potion of invisibility.
You fade into invisibility!
The black mamba bites your orange demon.
The shock serpent bites your orange demon.
The shock serpent shocks your orange demon!
Your orange demon dies!
Your orange demon disappears in a puff of smoke!
You block Donald's attack.
Nikola mumbles some strange words.
Nikola blinks!
The shock serpent hisses angrily.
The black mamba hisses angrily.
You puncture the shock serpent! You burn the shock serpent.
The shock serpent is severely wounded.
The shock serpent's electric aura discharges, shocking you!
You resist. You block the black mamba's attack.
The shock serpent shoots out a bolt of lightning at something!
The bolt of electricity misses the shock serpent.
The shock serpent closely misses you.
You strike the helpless Donald from behind!
You hit Donald. You burn Donald.
Donald is heavily wounded.
The black mamba barely misses you. You block the shock serpent's attack.
Donald hits you but does no damage. The black mamba bites you.
* * * LOW HITPOINT WARNING * * *
Unknown command.
You impale the black mamba!! You burn the black mamba.
You kill the black mamba!
Makhleb accepts your kill.
You feel better.
The shock serpent bites you but does no damage.
You block Donald's attack.
Unknown command.
A demon appears!
The shock serpent bites you.
* * * LOW HITPOINT WARNING * * *
The shock serpent shocks you. You resist.
* * * LOW HITPOINT WARNING * * *
Donald hits you with a +2 scimitar of holy wrath!!
You die...

########################
............##....$.....
......##....##..........
#.##.###....##..........
............##..........
..#.........##..........
......#.######.S.@......
#.###.#.######.)@.......
..#...#.....##.2........
..#...#........#####....
......#.......@# ...
#.#..##....._.....# .
..#...............#
..#...#...........#
..#...#...........#
.####.##..........#


You could see Nikola (misshapen), Donald (fast, strong, unable to see you,
reflecting), a shock serpent (unable to see you, ally target) and a friendly
cacodemon (summoned).

Vanquished Creatures
  Rupert (D:12)
  The ghost of Gocli Elad the Warrior, a journeyman OgCA of Ignis (D:14)
  A white draconian (IceCv)
  Snorg (D:10)
  Josephine (Orc:1)
  3 hydras
  2 vault guards (D:13)
  5 ogre magi
  3 centaur warriors
  3 boulder beetles
  13 two-headed ogres
  2 anacondas (Snake:1)
  2 naga warriors (Snake:1)
  A dancing weapon (D:14)
  2 death yaks (Lair:2)
  A tengu warrior (D:11)
  2 naga sharpshooters (Snake:1)
  A shock serpent (Snake:1)
  A skyshark (Lair:4)
  Amaemon (Lair:2)
  A sea snake (D:13)
  A naga ritualist (Snake:1)
  An orc knight (D:12)
  An orc sorcerer (Orc:1)
  3 deep elf pyromancers (D:12)
  4 mana vipers (Snake:1)
  3 ugly things
  2 manticores
  4 cyclopes
  12 elephants
  4 salamanders (Snake:1)
  Maurice (D:9)
  13 black mambas
  14 cane toads
  4 gargoyles
  An orange demon (Lair:2)
  An efreet (D:13)
  8 komodo dragons
  A komodo dragon (shapeshifter) (D:13)
  4 rime drakes (IceCv)
  A tengu conjurer (D:14)
  8 polar bears
  4 trolls
  A hornet (shapeshifter) (D:13)
  A wind drake (shapeshifter) (D:12)
  A dream sheep (Lair:5)
  5 hornets
  5 blink frogs
  4 shadows
  Sigmund (D:4)
  9 spriggans (Lair:5)
  3 vampires
  A water elemental (D:12)
  5 wraiths
  8 wyverns
  27 yaks
  6 basilisks
  2 steam dragons
  2 vampire mosquitoes (D:10)
  2 wargs
  6 nagas (Snake:1)
  2 swamp worms (Lair:3)
  An acid dragon (D:13)
  Duvessa (D:6)
  18 water moccasins
  An ice beast (D:8)
  8 orc warriors
  A sky beast (D:7)
  6 black bears
  44 wolves
  5 centaurs
  27 ogres
  4 boggarts (Lair:5)
  A phantom (D:11)
  An elf zombie (Ossuary)
  3 kobold brigands
  12 bullfrogs
  A gnoll sergeant (D:8)
  3 scorpions
  22 wights
  A troll zombie (D:11)
  12 killer bees
  Dowan (D:6)
  4 lindwurm simulacra (IceCv)
  5 howler monkeys
  A vampire bat (D:7)
  3 electric eels
  3 komodo dragon simulacra (IceCv)
  6 hounds
  A wyvern simulacrum (D:8)
  A centaur zombie (Ossuary)
  3 human zombies (Ossuary)
  A jelly (D:5)
  15 orc priests
  6 iguanas
  20 orc wizards
  11 ogre zombies
  A centaur simulacrum (D:8)
  7 mummies (Ossuary)
  15 gnolls
  5 acid dragon simulacra (IceCv)
  9 adders
  A shadow imp (D:8)
  13 white imps
  2 ufetubi
  9 steam dragon simulacra (IceCv)
  A worm zombie (D:7)
  2 adder zombies (Ossuary)
  3 worms
  53 orcs
  12 bats
  9 endoplasms
  A giant cockroach (D:1)
  12 goblins
  7 hobgoblins
  11 jackals
  22 kobolds
  3 quokkas (D:4)
  6 ball pythons
  3 frilled lizards
  A goblin skeleton (D:11)
  7 goblin zombies
  2 hobgoblin skeletons (D:11)
  10 hobgoblin zombies
  3 kobold zombies
  15 orc zombies (D:11)
  4 quokka zombies (Ossuary)
  4 rats
  4 rat zombies (Ossuary)
744 creatures vanquished.

Vanquished Creatures (collateral kills)
  A rakshasa (D:14)
  2 hydras
  A two-headed ogre (Orc:2)
  A death yak (Lair:2)
  A cane toad (Lair:4)
  A komodo dragon (Lair:2)
  2 hornets (Lair:5)
  2 spriggans (Lair:5)
  A steam dragon (Lair:2)
  A black bear (Lair:5)
  An ogre (Orc:2)
  A wolf (Lair:5)
  A wight (D:10)
16 creatures vanquished.

Vanquished Creatures (others)
  A salamander (Snake:1)
  A slime creature (D:12)
  A spriggan (Lair:5)
  A vampire (D:13)
  An orc priest (Orc:2)
  An orc (Orc:2)
6 creatures vanquished.

Grand Total: 766 creatures vanquished

Notes
Turn   | Place    | Note
-------+----------+-------------------------------------------
     0 | D:1      | Kazon the Gargoyle Fighter began the quest for the Orb.
     0 | D:1      | Reached XP level 1. HP: 14/14 MP: 1/1
    52 | D:1      | Identified a scroll of acquirement
    52 | D:1      | Acquired the +8 demon trident of the Arena {flame, Will+
                  | Dex+5}
    68 | D:1      | Reached XP level 2. HP: 18/19 MP: 2/2
   292 | D:1      | Reached XP level 3. HP: 23/23 MP: 3/3
   846 | D:2      | Reached skill level 1 in Polearms
   988 | D:2      | Reached XP level 4. HP: 28/28 MP: 4/4
  1527 | D:3      | Found a blossoming altar of Fedhas.
  1539 | D:3      | Reached skill level 1 in Throwing
  1539 | D:3      | Reached XP level 5. HP: 33/33 MP: 5/5
  1689 | D:3      | Found a stormy altar of Qazlal.
  1781 | D:3      | Identified the +2 sling "Qeuhanocyt" {speed, rElec Str-3
                  | Dex+2}
  1891 | D:3      | Found a faded altar of an unknown god.
  1959 | D:4      | Found a staircase to the Ecumenical Temple.
  1967 | Temple   | Entered the Ecumenical Temple
  1983 | Temple   | Became a worshipper of Makhleb the Destroyer
  2003 | D:4      | Reached skill level 4 in Shields
  2033 | D:4      | Noticed a black bear
  2044 | D:4      | Killed a black bear
  2045 | D:4      | Reached skill level 1 in Invocations
  2049 | D:4      | Found a hazy altar of Hepliaklqana.
  2050 | D:4      | Found a shadowy altar of Dithmenos.
  2050 | D:4      | Noticed a shadow
  2132 | D:4      | Reached XP level 6. HP: 38/38 MP: 6/6
  2222 | D:4      | Noticed Sigmund
  2229 | D:4      | Killed Sigmund
  2230 | D:4      | Reached XP level 7. HP: 43/43 MP: 8/8
  2584 | D:4      | Reached skill level 1 in Ranged Weapons
  2725 | D:5      | Entered Level 5 of the Dungeon
  2740 | D:5      | Reached * piety under Makhleb
  2998 | D:5      | Reached XP level 8. HP: 48/48 MP: 10/10
  3039 | D:5      | Reached skill level 5 in Polearms
  3279 | D:6      | Reached skill level 1 in Axes
  3286 | D:6      | Reached skill level 1 in Evocations
  3352 | D:6      | Reached skill level 1 in Dodging
  3362 | D:6      | Found a shimmering altar of Xom.
  3474 | D:6      | Reached ** piety under Makhleb
  3545 | D:6      | Noticed Dowan
  3547 | D:6      | Noticed Duvessa
  3549 | D:6      | Killed Dowan
  3561 | D:6      | Killed Duvessa
  3562 | D:6      | Reached skill level 5 in Fighting
  3632 | D:7      | Reached skill level 5 in Shields
  3632 | D:7      | Reached XP level 9. HP: 52/54 MP: 12/12
  3744 | D:7      | Reached skill level 5 in Armour
  3804 | D:7      | Found a sand-covered staircase.
  3823 | Ossuary  | Entered an ossuary
  3932 | Ossuary  | Reached *** piety under Makhleb
  4411 | D:7      | Reached skill level 6 in Shields
  4434 | D:7      | Noticed a two-headed ogre
  4444 | D:7      | Killed a two-headed ogre
  4445 | D:7      | Reached skill level 5 in Invocations
  4445 | D:7      | Reached XP level 10. HP: 29/60 MP: 14/14
  4965 | D:8      | Reached **** piety under Makhleb
  4984 | D:8      | Reached skill level 5 in Evocations
  4991 | D:8      | Found a staircase to the Lair.
  5034 | D:8      | Found Izo Qiri's Assorted Antiques.
  5043 | D:8      | Bought a scroll labelled JIYFIZX FOFUA for 29 gold pieces
  5043 | D:8      | Bought a sedimented brown potion for 26 gold pieces
  5043 | D:8      | Bought a curved iron wand for 116 gold pieces
  5068 | D:8      | Reached skill level 7 in Shields
  5384 | D:8      | Reached XP level 11. HP: 64/64 MP: 15/15
  6240 | D:9      | Reached ***** piety under Makhleb
  6466 | D:9      | Noticed Maurice
  6476 | D:9      | Killed Maurice
  6936 | D:10     | Entered Level 10 of the Dungeon
  6946 | D:10     | Noticed a two-headed ogre
  6952 | D:10     | Killed a two-headed ogre
  6953 | D:10     | Reached skill level 1 in Stealth
  6953 | D:10     | Reached skill level 8 in Shields
  6973 | D:10     | Noticed Snorg
  6979 | D:10     | Killed Snorg
  7042 | D:10     | Found a shimmering blue altar of Sif Muna.
  7698 | D:11     | Found a staircase to the Orcish Mines.
  7702 | D:11     | Noticed a tengu warrior
  7734 | D:11     | Killed a tengu warrior
  8319 | D:11     | Reached XP level 12. HP: 69/71 MP: 17/17
  8760 | D:11     | Noticed a boulder beetle
  8771 | D:11     | Killed a boulder beetle
  8937 | Lair:1   | Entered Level 1 of the Lair of Beasts
  9043 | Lair:1   | Reached ****** piety under Makhleb
  9617 | Lair:2   | You fall into a shaft and drop 1 floor!
  9782 | Lair:3   | Found a staircase to the Swamp.
  9798 | Lair:3   | Noticed a boulder beetle
  9813 | Lair:3   | Killed a boulder beetle
  9814 | Lair:3   | Reached skill level 9 in Shields
  9822 | Lair:2   | Noticed a death yak
  9822 | Lair:2   | Noticed a death yak
  9822 | Lair:2   | Noticed a death yak
  9823 | Lair:2   | Noticed a balrug
  9875 | Lair:3   | Found a staircase to the Snake Pit.
  9923 | Lair:2   | Found an ornate altar of the Wu Jian Council.
 10015 | Lair:2   | Noticed Amaemon
 10039 | Lair:2   | Killed Amaemon
 10042 | Lair:2   | Reached XP level 13. HP: 78/78 MP: 19/19
 10698 | Lair:3   | Found the +10 zealot's sword {holy, Zealotry, *Rage rN+
                  | EV+3}
 11386 | Lair:4   | Reached skill level 1 in Long Blades
 11424 | Lair:4   | Reached skill level 5 in Axes
 11429 | Lair:4   | Reached skill level 5 in Maces & Flails
 11677 | Lair:4   | Reached skill level 10 in Shields
 12138 | Lair:5   | Entered Level 5 of the Lair of Beasts
 12152 | Lair:5   | Reached skill level 10 in Polearms
 12181 | Lair:5   | Gained mutation: Your large and strong wings let you fly.
                  | [Gargoyle growth]
 12181 | Lair:5   | Reached XP level 14. HP: 84/84 MP: 20/20
 12466 | Lair:5   | Found a staircase to the Slime Pits.
 12704 | Lair:5   | Reached skill level 5 in Dodging
 13003 | Lair:5   | Reached skill level 10 in Evocations
 13438 | D:12     | You are sucked into a shaft and drop 1 floor!
 13709 | D:12     | Found a frozen archway.
 13742 | IceCv    | Entered an ice cave
 13800 | IceCv    | Found the ring of the Tortoise {AC+8}
 13929 | IceCv    | Noticed a white draconian
 13955 | IceCv    | Killed a white draconian
 13956 | IceCv    | Reached skill level 11 in Shields
 13997 | IceCv    | Identified the ring of Omumul {*Corrode rC+ Int+5 Dex+2
                  | Stlth+}
 14453 | D:12     | Noticed Rupert
 14472 | D:12     | Killed Rupert
 14836 | D:13     | Identified the +1 robe of the Marlin {-Tele rN+ Dex+3}
 14899 | D:13     | Reached XP level 15. HP: 91/91 MP: 21/21
 14913 | D:13     | Found a gate to the Vaults.
 14991 | D:13     | Got the Verses on Mutagenic Frost
 15534 | D:14     | Found a runed translucent door.
 15535 | D:14     | Found a shimmering altar of Xom.
 15535 | D:14     | Noticed Gocli Elad's ghost (journeyman OgCA)
 15558 | D:14     | Killed Gocli Elad's ghost
 15619 | D:14     | Reached skill level 10 in Fighting
 15744 | Orc:1    | Entered Level 1 of the Orcish Mines
 16032 | Orc:2    | Entered Level 2 of the Orcish Mines
 16032 | Orc:2    | Noticed Josephine
 16475 | Orc:1    | Killed Josephine
 16548 | Orc:2    | Paralysed by something for 5 turns
 16596 | Orc:2    | Found a staircase to the Elven Halls.
 16879 | Orc:2    | Found Fiots's General Store.
 16879 | Orc:2    | Found Jigu's Antique Armour Emporium.
 16880 | Orc:2    | Found Lifoc's Assorted Antiques.
 16880 | Orc:2    | Found Itoejit's Antique Weapon Shop.
 16892 | Orc:2    | Bought a pair of glowing gloves for 187 gold pieces
 16920 | Orc:2    | Bought a brown potion for 36 gold pieces
 16920 | Orc:2    | Bought an inky potion for 36 gold pieces
 16921 | Orc:2    | Bought a potion of curing for 45 gold pieces
 16921 | Orc:2    | Bought a scroll of enchant weapon for 112 gold pieces
 16921 | Orc:2    | Bought a scroll of enchant weapon for 112 gold pieces
 17308 | Snake:1  | Entered Level 1 of the Snake Pit
 17313 | Snake:1  | Reached skill level 10 in Invocations
 17324 | Snake:1  | Identified the ring of Enowk {Ice Int+5}
 17370 | Snake:1  | Reached skill level 12 in Shields
 17542 | Snake:1  | Reached skill level 5 in Stealth
 17563 | Snake:1  | Reached XP level 16. HP: 73/98 MP: 18/23
 17716 | Snake:1  | Found a glowing silver altar of Zin.
 17734 | Snake:1  | Noticed Nikola
 17740 | Snake:1  | Noticed Donald
 17750 | Snake:1  | Mangled by Donald

Illustrated notes

Levels and vault maps discovered:
D:1:      ebering_trefoil_3fold, layout_basic, st_stairs_14, serial_bayou_ford_a
D:2:      layout_basic, hangedman_decor_growths, minmay_close_crescents
D:3:      layout_rooms, mainiacjoe_overflow_concentric_impassable,
          mainiacjoe_overflow_paths, shapermc_ecumenical_altar_acropolis,
          chequers_serial_rivers_micro_b
D:4:      layout_basic, riverfiend_overflow_shadow_ancestor,
          minmay_temple_entry_glass, uniq_sigmund
D:5:      layout_gridville
D:6:      layout_basic, xom_teletrap_fun, uniq_duvessa
D:7:      layout_loops_ring, enter_ossuary_3, roderic_batcave
D:8:      layout_layer_cave, minmay_lair_entry_grove, serial_shops,
          nicolae_lakefront_shop, serial_ice, serial_ice_o, serial_ice_d,
          serial_ice_k, serial_ice_a
D:9:      layout_loops_ring, nicolae_wwwww, uniq_maurice
D:10:     layout_irregular_city, led_sif_pool, uniq_snorg
D:11:     layout_basic, zombieorc2_lemuel, chequers_garden
D:12:     layout_basic, portal_ice_cave_entry_imps,
          chequers_serial_rivers_micro_e, minivault_28, uniq_rupert
D:13:     layout_basic, lightli_vaults_fourway_checkpoint, serial_corexii_hall,
          chequers_hall_statues_wall_a, chequers_hall_statues_wall_a
D:14:     layout_irregular_city, nicolae_uskayaw_dance_hall, ebering_ghost_xom,
          grunt_ministairs_12
Temple:   nicolae_temple_elliptical
Lair:1:   layout_big_grid, serial_bayou_pond_a
Lair:2:   layout_gridlike, basic_altar, uniq_amaemon
Lair:3:   layout_small_grid, swamp_mist, minmay_snake_entry_six_corridors,
          worms_lemuel, serial_bayou_shore_a
Lair:4:   layout_gridlike, nzn_random_ring, infiniplex_staircase_pool_2
Lair:5:   minmay_lair_end_enchanted_forest, layout_misc_corridors,
          dpeg_slime_entry_enclosed
Snake:1:  layout_grid_maze, basic_altar, nicolae_snake_guarding_the_ruins,
          minmay_shop_star, uniq_donald, uniq_nikola
Orc:1:    layout_caves, serial_shops, nicolae_orc_sculptors_studio
Orc:2:    st_orc_ogre_mass, layout_caves, basic_altar, nicolae_orc_tapped_out,
          uniq_josephine

Skill      XL: |  1  2  3  4  5  6  7  8  9 10 11 12 13 14 15 |
---------------+----------------------------------------------+-----
Polearms       | 1 2 3 4 5 6 7 8 9 10 11 | 11.5
Throwing       | 1 2 3 4 |  4.0
Shields        | 4 5 6 7 8 9 10 11 12 | 12.2
Invocations    | 1 2 4 5 6 7 8 9 10 | 10.3
Fighting       | 4 5 6 7 8 9 10 | 10.4
Armour         | 4 5 6 |  6.6
Ranged Weapons | 1 |  1.9
Axes           | 1 2 3 4 5 |  5.7
Evocations     | 2 3 5 6 8 9 10 11 | 11.0
Dodging        | 1 2 4 5 6 |  6.1
Maces & Flails | 4 5 6 7 |  7.5
Stealth        | 3 5 |  5.3
Long Blades    | 2 3 4 |  4.4

Action                     |  1- 3 |  4- 6 |  7- 9 | 10-12 | 13-15 | 16-18 || total
---------------------------+-------+-------+-------+-------+-------+-------++-------
  Melee: Flail             |    26 |       |       |       |       |       ||    26
         Demon trident     |    65 |    71 |   145 |   438 |   415 |    51 ||  1185
         Hand axe          |       |       |    15 |   127 |    18 |       ||   160
         Whip              |       |       |   179 |   136 |       |       ||   315
         War axe           |       |       |       |   121 |   126 |       ||   247
         Demon whip        |       |       |       |       |   620 |       ||   620
         Eudemon blade     |       |       |       |       |   121 |       ||   121
   Fire: Sling             |       |     1 |    23 |       |       |       ||    24
  Throw: Stone             |       |     7 |    41 |     6 |       |       ||    54
         Dart              |       |     1 |     8 |    14 |    21 |       ||    44
         Boomerang         |       |       |       |    22 |     7 |     3 ||    32
         Javelin           |       |       |       |       |     3 |       ||     3
 Invoke: Minor Destruction |       |       |     4 |   117 |   155 |     9 ||   285
         Lesser Servant of |       |       |       |     1 |     7 |     2 ||    10
         Major Destruction |       |       |       |     1 |       |       ||     1
         Greater Servant o |       |       |       |     1 |       |     1 ||     2
  Evoke: Wand              |       |       |     2 |       |    27 |     1 ||    30
         Phial of floods   |       |       |       |       |     1 |       ||     1
    Use: Scroll            |     2 |       |       |     2 |    20 |       ||    24
         Potion            |     1 |       |       |       |       |     1 ||     2
   Stab: Sleeping          |       |       |       |     5 |     7 |       ||    12
         Distracted        |       |       |       |     1 |     2 |       ||     3
         Petrified         |       |       |       |       |     3 |       ||     3
         Invisible         |       |       |       |       |       |     1 ||     1
 Armour: Scale mail        |    36 |    18 |    72 |   141 |       |       ||   267
         Troll leather arm |       |       |       |   191 |   542 |    12 ||   745
  Dodge: Dodged            |    31 |    10 |    54 |   237 |   498 |    13 ||   843
  Block: Buckler           |    12 |       |       |       |       |       ||    12
         Tower shield      |    27 |    28 |   175 |   645 |  1120 |    39 ||  2034
